 Dungeon Crawl Stone Soup version 0.31.0-12-g77e489cdc1 (webtiles) character file.

Game seed: 15885436128919117016

18 sking99 the Ruffian (level 2, -2/28 HPs)
             Began as a Troll Reaver on Feb 21, 2024.
             Slain by a ribbon worm (4 damage)
             ... on level 3 of the Dungeon.
             The game lasted 00:00:42 (469 turns).

sking99 the Ruffian (Troll Reaver)                   Turns: 469, Time: 00:00:43

Health: -2/28      AC:  4    Str: 19    XL:     2   Next: 48%
Magic:  3/3        EV:  5    Int:  9    God:
Gold:   30         SH:  0    Dex:  8    Spells: 2/3 levels left

rFire   . .          .
                       - Unarmed
rCold   . . .        (no shield)
rNeg    . . .        a - +0 robe
rPois   .            (helmet restricted)
rElec   .            (no cloak)
rCorr   .            (gloves unavailable)
SInv    .            (boots unavailable)
Will    .....        (no amulet)
Stlth   +            (no ring)
HPRegen 1.04/turn    (no ring)
MPRegen 0.08/turn

%: no passive effects
@: held
A: large, unfitting armour, claws 3, regeneration 1, shaggy fur 1, tough skin 1
a: no special abilities


You were on level 3 of the Dungeon.
You visited 1 branch of the dungeon, and saw 3 of its levels.

You collected 30 gold pieces.

Inventory:

Armour
 a - a +0 robe (worn)
Scrolls
 b - 2 scrolls of identify {unknown}
Potions
 c - a potion of curing {unknown}


   Skills:
 + Level 1.8 Fighting
 + Level 1.8 Dodging
 + Level 3.1 Unarmed Combat
 + Level 1.4 Spellcasting
 + Level 2.3 Conjurations


You had 2 spell levels left.
You knew the following spells:

 Your Spells              Type           Power      Damage    Failure   Level
a - Kiss of Death         Conj/Necr      8%         2d6       22%         1

Your spell library contained the following spells:

 Spells                   Type           Power      Damage    Failure   Level
 Momentum Strike          Conj/Tloc      4%         3d8       32%         2
 Hailstorm                Conj/Ice       2%         3d5       54%         3


Dungeon Overview and Level Annotations

Branches:
Dungeon (3/15)

Altars:


Innate Abilities, Weirdness & Mutations

You are too large for most types of armour.
You have claws for hands.
Your natural rate of healing is unusually fast.
You are covered in fur. (AC +1)
You have tough skin. (AC +1)


Message History

The bat hits you but does no damage. The giant cockroach barely misses you.
The ribbon worm bites you but does no damage.
The giant cockroach bites you but does no damage.
The bat hits you but does no damage.
The giant cockroach bites you but does no damage.
The ribbon worm bites you. The giant cockroach closely misses you.
The ribbon worm bites you but does no damage.
The bat hits you but does no damage. The bat hits you but does no damage.
The giant cockroach bites you. The bat hits you but does no damage.
The ribbon worm expels a string of sticky webbing.
The stream of webbing hits you but does no damage.
You are even more entangled.
The giant cockroach barely misses you.
The giant cockroach bites you but does no damage.
The bat hits you but does no damage. The ribbon worm bites you!
* * * LOW HITPOINT WARNING * * *
The giant cockroach bites you but does no damage.
The giant cockroach bites you but does no damage.
The ribbon worm bites you but does no damage.
The bat hits you but does no damage.
The bat hits you but does no damage. x2; The giant cockroach barely misses you.
The ribbon worm bites you but does no damage.
The bat barely misses you.
The giant cockroach bites you but does no damage.
The bat hits you but does no damage.
The ribbon worm expels a string of sticky webbing.
The stream of webbing hits you but does no damage.
You are even more entangled.
The giant cockroach bites you but does no damage.
The bat hits you.
The giant cockroach bites you but does no damage.
The bat hits you but does no damage. The ribbon worm bites you.
* * * LOW HITPOINT WARNING * * *
The giant cockroach bites you.
* * * LOW HITPOINT WARNING * * *
The bat hits you but does no damage. The giant cockroach bites you.
* * * LOW HITPOINT WARNING * * *
The ribbon worm bites you.
You die...

#.........
#.........
#.........
##.........
##..........
...........
#..B.....< ##.##
#.@w......
......##..b......
.......<.#.......
.......###.......
......# #.##.##
...... .# # .....
.# ..... ## ....


You could see a ribbon worm, a giant cockroach and a bat.

Vanquished Creatures
  3 ball pythons (D:1)
  2 bats (D:1)
  An endoplasm (D:1)
  A giant cockroach (D:1)
  A goblin (D:1)
  A hobgoblin (D:1)
  A quokka (D:1)
  A frilled lizard (D:1)
  4 kobolds (D:1)
  2 rats (D:1)
17 creatures vanquished.

Notes
Turn   | Place    | Note
-------+----------+-------------------------------------------
     0 | D:1      | sking99 the Troll Reaver began the quest for the Orb.
     0 | D:1      | Reached XP level 1. HP: 19/19 MP: 1/1
   289 | D:1      | Reached XP level 2. HP: 26/28 MP: 3/3
   469 | D:3      | Slain by a ribbon worm

Illustrated notes

Levels and vault maps discovered:
D:1:      minmay_arrival_four_houses, layout_basic, nrook_campfire
D:2:      layout_loops_cross, basic_altar
D:3:      layout_rooms, kennysheep_generic_room_8, uniq_terence, uniq_grinder

Action                     || total
---------------------------++-------
  Melee: Unarmed           ||    31
 Armour: Robe              ||   229
  Dodge: Dodged            ||   132
